 Dungeon Crawl Stone Soup version 0.31-a0-965-g8a8ce12e04 (webtiles) character file.

Game seed: 4468731320388306566

2 tsujin the Ruffian (level 1, -2/15 HPs)
             Began as a Demonspawn Shapeshifter on Oct 26, 2023.
             Slain by a goblin
             ... wielding a +0 club
              (4 damage)
             ... on level 1 of the Dungeon.
             The game lasted 00:00:20 (114 turns).

tsujin the Ruffian (Demonspawn Shapeshifter)         Turns: 114, Time: 00:00:21

Health: -2/15      AC:  2    Str: 14    XL:     1   Next: 33%
Magic:  1/1        EV: 12    Int: 11    God:
Gold:   20         SH:  0    Dex: 12    Spells: 0/0 levels left

rFire   . .          .
                       - Unarmed
rCold   . . .        (no shield)
rNeg    . . .        a - +0 animal skin
rPois   .            (helmet currently unavailable)
rElec   .            (cloak currently unavailable)
rCorr   .            (gloves currently unavailable)
SInv    .            (boots currently unavailable)
Will    .....        (no amulet)
Stlth   +            (no ring)
HPRegen 0.22/turn    (no ring)
MPRegen 0.07/turn

%: no passive effects
@: beast-form
A: beast (slay +1)
a: Begin Untransformation


You were on level 1 of the Dungeon.
You were a hulking beast.
You visited 1 branch of the dungeon, and saw 1 of its levels.

You collected 20 gold pieces.

Inventory:

Armour
 a - a +0 animal skin (worn)
Magical Staves
 e - a staff of poison
 f - a staff of air
Talismans
 c - a beast talisman
 d - a flux talisman
Potions
 b - a potion of lignification


   Skills:
 - Level 1.0 Fighting
 - Level 1.7 Dodging
 + Level 2.9 Unarmed Combat
 - Level 2.6 Shapeshifting


You couldn't memorise any spells.
You didn't know any spells.
Your spell library was empty.

Dungeon Overview and Level Annotations

Branches:
Dungeon (1/15)

Altars:


Message History

The frilled lizard closely misses you. The jackal closely misses you.
You take 1 damage, and have 13/15 hp.
You hit the jackal.
You kill the jackal!
The frilled lizard bites you but does no damage.
A jackal comes into view.
The jackal bites you.
The jackal bites you but does no damage.
The bat hits you but does no damage.
You take 1 damage, and have 12/15 hp.
You closely miss the bat.
The jackal barks!
The bat misses you. The jackal misses you.
The jackal bites you but does no damage.
The frilled lizard completely misses you.
The endoplasm quivers.
You hit the kobold.
The kobold is heavily wounded.
The jackal barely misses you. The jackal bites you.
The kobold closely misses you. The frilled lizard misses you.
The jackal barely misses you. The jackal closely misses you.
You take 3 damage, and have 9/15 hp.
You are too injured to fight recklessly!
You are too injured to fight recklessly!
You hit the goblin. Your punch misses the goblin.
The goblin is almost dead.
The frilled lizard closely misses you.
The kobold hits you with a +0 short sword.
The goblin hits you with a +0 club. The jackal bites you.
* * * LOW HITPOINT WARNING * * *
The jackal barely misses you.
You take 7 damage, and have 2/15 hp.
MASSIVE DAMAGE!!
You hit the jackal.
You kill the jackal!
The bat barely misses you. The jackal barely misses you.
The frilled lizard unfolds its giant frill.
The frilled lizard bites you.
* * * LOW HITPOINT WARNING * * *
The goblin hits you with a +0 club.
You die...

.. ... ..######
....... #....# #
#....# #.#
+..Kl# #.
#..hh##### ##
#..†g'...#
#.hb.###.#
#....# #.### #.
...##### #...###
#.# .J. ###...#
#.# ... ###.##
#..# ..
...###..###.###
................


You could see an endoplasm, 2 jackals, a goblin, a bat, a kobold and a frilled
lizard.

Vanquished Creatures
  A goblin (D:1)
  2 jackals (D:1)
3 creatures vanquished.

Notes
Turn   | Place    | Note
-------+----------+-------------------------------------------
     0 | D:1      | tsujin the Demonspawn Shapeshifter began the quest for the
                  | Orb.
     0 | D:1      | Reached XP level 1. HP: 15/15 MP: 1/1
   114 | D:1      | Slain by a goblin

Illustrated notes

Levels and vault maps discovered:
D:1:      dpeg_arrival_radiant, layout_basic

Action                     || total
---------------------------++-------
  Melee: Unarmed           ||    13
 Armour: Animal skin       ||    19
  Dodge: Dodged            ||    23

Table legend: (Time is in decaauts)
 A = Elapsed time spent in this place.
 B = Non-inter-level travel time spent in this place.
 C = Inter-level travel time spent in this place.
 D = Time resting spent in this place.
 E = Time spent auto-exploring this place.
 F = Levels seen in this place.
 G = Mean time per level.
                   A        B        C        D        E       F      G
               +--------+--------+--------+--------+--------+-----+--------+
         Total |    113 |    113 |      0 |      0 |     81 |   1 |  113.0 |
       Dungeon |    113 |    113 |      0 |      0 |     81 |   1 |  113.0 |
               +--------+--------+--------+--------+--------+-----+--------+

Top non-repeatable levels by time:
     D:1: 113 daAuts
